 Dungeon Crawl Stone Soup version 0.27.1-33-g824d729ab1 (webtiles) character file.

Game seed: 15711317809764898430

7017 zeram the Spear-Bearer (level 10, -4/105 HPs)
             Began as a Demonspawn Fighter on Dec 14, 2021.
             Was an Initiate of Gozag.
             Slain by an orc warrior (7 damage)
             ... on level 10 of the Dungeon.
             The game lasted 00:20:56 (11312 turns).

zeram the Spear-Bearer (Demonspawn Fighter)        Turns: 11312, Time: 00:20:56

Health: -4/105     AC: 25    Str: 18    XL:     10   Next: 82%
Magic:  19/19      EV:  2    Int: 12    God:    Gozag
Gold:   869        SH:  0    Dex: 12    Spells: 2/9 levels left

rFire    + . .     SeeInvis .   a - +0 trident
rCold    + . .     Faith    .   c - +2 kite shield
rNeg     + + +     Spirit   .   (armour currently unavailable)
rPois    +         Reflect  .   (helmet currently unavailable)
rElec    +         Harm     .   (cloak currently unavailable)
rCorr    +         Rampage  .   (gloves currently unavailable)
Will     .....     NoTele   +   (boots unavailable)
Stlth    +.........             k - amulet of regeneration
HPRegen  1.27/turn              f - ring of magical power
MPRegen  0.16/turn              h - +4 ring of evasion

@: confused, agile, tree-form, resistant, hasted, very quick
A: stationary, stasis, torment immunity, boosted hp, (talons 3), icemail 2,
powered by pain 1, condensation shield
a: Renounce Religion, Potion Petition, Call Merchant, Bribe Branch


You were on level 10 of the Dungeon.
You worshipped Gozag.
Gozag was pleased with you.
You were a tree.
You visited 3 branches of the dungeon, and saw 12 of its levels.

You collected 1187 gold pieces.
You spent 168 gold pieces at shops.
You paid 150 gold pieces to Gozag.

Inventory:

Hand Weapons
 a - a +0 trident (weapon)
 g - the +7 dagger "Godemi" {vorpal, rPois Stlth+}
   (You found it on level 6 of the Dungeon)

   It inflicts extra damage upon your enemies.
   rPois:     It protects you from poison.
   Stlth:     It makes you more stealthy.
Missiles
 s - 2 throwing nets (quivered)
Armour
 b - a +0 scale mail (melded)
 c - a +2 kite shield (worn)
 t - a scarf of repulsion (melded)
 u - a +0 pair of boots
 G - a +0 robe
Jewellery
 f - a ring of magical power (left branch)
 h - a +4 ring of evasion (right branch)
 k - an amulet of regeneration (around neck)
 l - an amulet of magic regeneration
 q - an amulet of reflection
 y - a ring of wizardry
 B - a ring of flight
Wands
 d - a wand of digging (7)
 j - a wand of flame (21)
 o - a wand of iceblast (12)
 x - a wand of mindburst (3)
 D - a wand of paralysis (17)
Scrolls
 i - a scroll of fear
 m - 2 scrolls of amnesia
 p - 2 scrolls of teleportation
 v - a scroll of magic mapping
 w - 2 scrolls of fog
Potions
 e - 2 potions of flight
 n - 3 potions of lignification
 r - a potion of mutation
 z - 11 potions of degeneration
 A - a potion of cancellation
 F - a potion of resistance


   Skills:
 - Level 3.0 Fighting
 + Level 8.6 Polearms
 + Level 6.7 Armour
 + Level 4.3 Dodging
 + Level 8.3 Shields
 * Level 7.2 Summonings


You had 2 spell levels left.
You knew the following spells:

 Your Spells              Type           Power      Damage    Failure   Level
a - Summon Hydra          Summ           8%         N/A       100%        7

Your spell library contained the following spells:

 Spells                   Type           Power      Damage    Failure   Level
 Summon Small Mammal      Summ           68%        N/A       4%          1
 Animate Skeleton         Necr           0%         N/A       61%         1
 Apportation              Tloc           0%         N/A       61%         1
 Beastly Appendage        Tmut           0%         N/A       61%         1
 Corona                   Hex            0%         N/A       61%         1
 Foxfire                  Conj/Fire      0%         2x1d4     61%         1
 Freeze                   Ice            0%         1d3       61%         1
 Magic Dart               Conj           0%         1d3       61%         1
 Passwall                 Tmut/Erth      0%         N/A       75%         2
 Searing Ray              Conj           0%         3d3       75%         2
 Sublimation of Blood     Necr           0%         N/A       75%         2
 Wereblood                Tmut           0%         N/A       75%         2
 Conjure Flame            Conj/Fire      0%         6-21      93%         3
 Frozen Ramparts          Ice            0%         1d2       93%         3
 Inner Flame              Hex/Fire       0%         N/A       93%         3
 Spider Form              Tmut/Pois      0%         N/A       93%         3
 Swiftness                Air            0%         N/A       93%         3
 Fulminant Prism          Conj/Hex       0%         3d6       100%        4
 Hailstorm                Conj/Ice       0%         3d3       100%        4
 Invisibility             Hex            0%         N/A       100%        6


Dungeon Overview and Level Annotations

Branches:
Dungeon (10/15)            Temple (1/1) D:4            Lair (0/6) D:9
    Orc (1/2) D:10

Altars:
Ashenzari
Cheibriados
Dithmenos
Elyvilon
Fedhas
Gozag
Hepliaklqana
Kikubaaqudgha
Makhleb
Nemelex Xobeh
Okawaru
Qazlal
Ru
Sif Muna
Trog
Uskayaw
Vehumet
Wu Jian
Xom
Yredelemnul
Zin
The Shining One

Shops:
D:1 =   D:9 *


Innate Abilities, Weirdness & Mutations

You are a tree.
Your roots penetrate the ground, keeping you stationary.
You cannot be teleported.
You are immune to unholy pain and torment.
Your maximum health is greatly increased.
Your equipment is partially melded.
((You have claws for feet.))
A meltable icy envelope protects you from harm. (AC +0)
You sometimes gain a little power by taking damage.
A meltable shield of frost defends you. (SH +0)


Message History

Unknown command.
You barely miss the orc warrior.
The orc warrior is lightly wounded.
You hear some strange, mumbled words.
You are confused.
Something hits you but does no damage.
The orc warrior hits you with a +0 glaive.
* * * LOW HITPOINT WARNING * * *
You are too confused!
Unknown command.
You cannot move. (Use ctrl+direction or * direction to attack without moving.) Unknown command.
You cannot move. (Use ctrl+direction or * direction to attack without moving.) Unknown command.
You cannot move. (Use ctrl+direction or * direction to attack without moving.) Unknown command.
You cannot move. (Use ctrl+direction or * direction to attack without moving.) Unknown command.
You cannot move. (Use ctrl+direction or * direction to attack without moving.) Unknown command.
You cannot move. (Use ctrl+direction or * direction to attack without moving.) Unknown command.
You cannot move. (Use ctrl+direction or * direction to attack without moving.) Unknown command.
Okay, then.
You cannot move. (Use ctrl+direction or * direction to attack without moving.) Unknown command.
You cannot move. (Use ctrl+direction or * direction to attack without moving.) Unknown command.
You cannot move. (Use ctrl+direction or * direction to attack without moving.) Unknown command.
You cannot move. (Use ctrl+direction or * direction to attack without moving.) Unknown command.
You cannot move. (Use ctrl+direction or * direction to attack without moving.) Unknown command.
You swing at nothing.
You barely miss something.
Something hits you but does no damage. x2
The orc warrior hits you with a +0 glaive!
You die...
Your body crumbles into a pile of gold.

#######################
#.≈...#................
#≈....#................
###.....[..........##....
#.#......{..............)
#.#.#...♣o...............
#.#.#...{................
#.'.#...)................
#########################
#.# #.............. #.#
#.............. #.#
#.............. #.#
#.............. #.#
#..>...........


You could see an orc warrior.

Vanquished Creatures
  Erica (D:8)
  A two-headed ogre (D:10)
  A gargoyle (D:10)
  A komodo dragon (D:9)
  A troll (D:10)
  Prince Ribbit (D:7)
  A hornet (D:9)
  A wyvern (D:9)
  Sigmund (D:6)
  4 vampire mosquitoes (D:7)
  2 steam dragons
  4 water moccasins
  A swamp drake (D:10)
  5 orc warriors
  An ice beast (D:7)
  2 black bears
  A necrophage (D:7)
  An ogre (D:5)
  A centaur (D:8)
  2 phantoms
  Blork the orc (D:6)
  4 bullfrogs
  A gnoll sergeant (D:5)
  A wyvern zombie (D:8)
  A water moccasin skeleton (D:4)
  9 killer bees (D:10)
  A bullfrog zombie (D:6)
  A howler monkey (D:8)
  2 centaur zombies
  2 hounds
  2 jellies
  5 orc priests
  A bullfrog skeleton (D:6)
  A centaur skeleton (D:7)
  An iguana (D:5)
  Ijyb (D:3)
  11 orc wizards
  A killer bee zombie (D:7)
  A hound skeleton (D:4)
  A howler monkey zombie (D:10)
  A howler monkey skeleton (D:6)
  6 gnolls
  4 adders
  A shadow imp (D:5)
  2 white imps
  2 ufetubi (D:5)
  2 adder skeletons
  2 worms (D:3)
  3 dart slugs
  30 orcs
  5 bats
  An endoplasm (D:4)
  2 giant cockroaches (D:3)
  2 goblins
  4 hobgoblins
  2 jackals (D:1)
  2 quokkas
  11 ball pythons
  2 kobolds (D:2)
  6 rats
  A spectral orc (D:8)
172 creatures vanquished.

Vanquished Creatures (others)
  41 fungi
  41 plants
82 creatures vanquished.

Grand Total: 254 creatures vanquished

Notes
Turn   | Place    | Note
-------+----------+-------------------------------------------
     0 | D:1      | zeram the Demonspawn Fighter began the quest for the Orb.
     0 | D:1      | Reached XP level 1. HP: 18/18 MP: 1/1
    76 | D:1      | Found Jausuyre's Jewellery Shoppe.
   123 | D:1      | Gained mutation: You have sharp toenails. [demonic
                  | ancestry]
   123 | D:1      | Reached XP level 2. HP: 19/24 MP: 2/2
   236 | D:1      | Found a faded altar of an unknown god.
   907 | D:2      | Reached XP level 3. HP: 29/29 MP: 3/3
  2154 | D:3      | Gained mutation: You sometimes gain a little power by
                  | taking damage. [demonic ancestry]
  2154 | D:3      | Reached XP level 4. HP: 29/35 MP: 4/4
  2237 | D:3      | Found a shadowy altar of Dithmenos.
  2276 | D:3      | Found an ornate altar of the Wu Jian Council.
  2721 | D:3      | Noticed Ijyb
  2727 | D:3      | Killed Ijyb
  2728 | D:3      | Reached skill level 1 in Summonings
  3092 | D:4      | Found a staircase to the Ecumenical Temple.
  3111 | Temple   | Entered the Ecumenical Temple
  3266 | D:4      | Gained mutation: A meltable shield of frost defends you.
                  | (SH +0) [demonic ancestry]
  3266 | D:4      | Reached XP level 5. HP: 41/41 MP: 5/5
  3811 | D:5      | Entered Level 5 of the Dungeon
  3819 | D:5      | Noticed an ogre
  3826 | D:5      | Killed an ogre
  3827 | D:5      | Reached skill level 1 in Dodging
  3827 | D:5      | Gained mutation: A meltable icy envelope protects you from
                  | harm. (AC +0) [demonic ancestry]
  3827 | D:5      | Reached XP level 6. HP: 30/47 MP: 6/6
  4280 | D:5      | Found a shimmering blue altar of Sif Muna.
  4497 | D:5      | Gained mutation: You have razor-sharp toenails. [demonic
                  | ancestry]
  4497 | D:5      | Reached XP level 7. HP: 52/52 MP: 7/7
  4802 | D:5      | Found a broken altar of Ashenzari.
  5586 | D:6      | Noticed Blork the orc
  5591 | D:6      | Reached skill level 5 in Polearms
  5598 | D:6      | Killed Blork the orc
  5683 | D:6      | Noticed a steam dragon
  5684 | D:6      | Noticed a steam dragon
  6091 | D:6      | Found a snail-covered altar of Cheibriados.
  6236 | D:6      | Killed a steam dragon
  6237 | D:6      | Gained mutation: A meltable icy envelope protects you from
                  | harm. (AC +0) [demonic ancestry]
  6237 | D:6      | Reached XP level 8. HP: 20/58 MP: 8/8
  6444 | D:6      | Identified the +7 dagger "Godemi" {vorpal, rPois Stlth+}
  6475 | D:6      | Noticed Sigmund
  6480 | D:6      | Killed Sigmund
  6889 | D:7      | Reached skill level 5 in Armour
  6889 | D:7      | Reached skill level 5 in Shields
  7682 | D:7      | Noticed Prince Ribbit
  7918 | D:7      | Found a sparkling altar of Nemelex Xobeh.
  7954 | D:7      | Gained mutation: You have claws for feet. [demonic
                  | ancestry]
  7954 | D:7      | Reached XP level 9. HP: 59/63 MP: 9/9
  7960 | D:7      | Found an opulent altar of Gozag.
  7989 | D:7      | Became a worshipper of Gozag Ym Sagoz the Greedy
  8348 | D:7      | Killed Prince Ribbit
  8349 | D:7      | Reached skill level 5 in Summonings
  8843 | D:8      | Found a basalt altar of Yredelemnul.
  9112 | D:8      | Noticed Erica
  9362 | D:8      | Learned a level 7 spell: Summon Hydra
  9575 | D:8      | Killed Erica
  9644 | D:9      | Found a radiant altar of Vehumet.
  9701 | D:9      | Reached XP level 10. HP: 70/70 MP: 10/10
  9789 | D:9      | Found Isyed's Neck Hole.
  9795 | D:9      | Bought a scarf of repulsion for 168 gold pieces
  9821 | D:9      | Found a stormy altar of Qazlal.
  9965 | D:9      | Found a staircase to the Lair.
 10255 | D:10     | Entered Level 10 of the Dungeon
 10406 | D:10     | Found a burning altar of Makhleb.
 10406 | D:10     | Noticed a balrug
 10463 | D:10     | Noticed a two-headed ogre
 10524 | D:10     | Killed a two-headed ogre
 10694 | D:10     | Noticed a gargoyle
 10716 | D:10     | Killed a gargoyle
 10746 | D:10     | Found a staircase to the Orcish Mines.
 11282 | Orc:1    | Entered Level 1 of the Orcish Mines
 11282 | Orc:1    | Noticed a cyclops
 11285 | Orc:1    | Noticed an orc knight
 11309 | D:10     | HP: 2/105 [orc warrior (7)]
 11312 | D:10     | Slain by an orc warrior

Illustrated notes

Levels and vault maps discovered:
D:1:      lemuel_arrival_cross, layout_loops_ring,
          hellmonk_ecumenical_altar_run_dry, serial_shops,
          nicolae_shop_statue_plus
D:2:      layout_loops_cross, grunt_ministairs_13, minmay_misc_feat_roman,
          minmay_shallow_snake_nest
D:3:      layout_basic, mainiacjoe_overflow_catwalk, grunt_temple_overflow_open,
          uniq_ijyb
D:4:      layout_basic, minmay_temple_entry_glass
D:5:      layout_loops_cross, mainiacjoe_overflow_cross_hatched,
          nicolae_ashenzari_skybound
D:6:      kennysheep_steamy, layout_basic, lemuel_coloured_pillars_altar,
          uniq_sigmund, uniq_blork_the_orc
D:7:      layout_basic, grunt_gozag_breadcrumbs, lemuel_crystal_altar,
          serial_aquarium, aquarium_bridge_straight [aquarium_subvault_bridge,
          aquarium_subvault_window, aquarium_subvault_bridge,
          aquarium_subvault_wall], aquarium_window_1, aquarium_window_2,
          aquarium_window_1, aquarium_view_2e, aquarium_view_2g,
          aquarium_balcony_5b, uniq_prince_ribbit1
D:8:      layout_basic, yredelemnul_forgotten_temple_becter,
          nicolae_elyvilon_peaceful_grove, uniq_erica
D:9:      layout_roguey, nicolae_qazlal_general_emergency,
          mainiacjoe_overflow_six_doors_small, due_lair_maze_entry_diamond,
          hangedman_abyss_or_decor_stagger, nicolae_shop_sticking_my_neck_out
D:10:     layout_long_grid, makhleb_altar_promises_db, erik_orc_1
Temple:   nicolae_temple_figure_zero
Orc:1:    layout_caves, basic_altar, uniq_josephine, uniq_fannar

Skill      XL: |  1  2  3  4  5  6  7  8  9 10 |
---------------+-------------------------------+-----
Armour         | 3 4 5 6 |  6.7
Shields        | 3 4 5 7 8 |  8.3
Polearms       | 2 3 4 5 6 7 8 |  8.6
Summonings     | 1 2 3 4 6 7 |  7.2
Dodging        | 1 2 3 4 |  4.3
Fighting       | |  3.0

Action                   |  1- 3 |  4- 6 |  7- 9 | 10-12 || total
-------------------------+-------+-------+-------+-------++-------
Melee: Trident           |   105 |   145 |   411 |   392 ||  1053
       Kick              |    14 |    35 |   117 |    93 ||   259
  Use: Scroll            |     5 |     4 |    13 |     1 ||    23
       Potion            |       |     2 |     5 |     4 ||    11
Armor: Scale mail        |    36 |    50 |   104 |    85 ||   275
       Skin              |       |       |       |    17 ||    17
Dodge: Dodged            |    24 |    27 |   116 |   147 ||   314
       Repelled          |       |       |       |     7 ||     7
Block: Kite shield       |    35 |    86 |   360 |   353 ||   834
       Reflection        |       |       |     2 |       ||     2
